 Dungeon Crawl Stone Soup version 0.19.1 (webtiles) character file.

147 Peloso the Covered (level 5, 0/46 HPs)
             Began as a Minotaur Fighter on Dec 11, 2016.
             Killed from afar by an orc wizard (8 damage)
             ... with a puff of flame
             ... on level 3 of the Dungeon.
             The game lasted 00:03:19 (2021 turns).

Peloso the Covered (Minotaur Fighter)               Turns: 2021, Time: 00:03:20

Health: 0/46       AC:  7    Str: 21    XL:     5   Next: 7%
Magic:  4/4        EV:  8    Int:  5    God:
Gold:   117        SH:  9    Dex: 10    Spells: 0 memorised, 4 levels left

rFire  . . .     SeeInvis .     a - +0 long sword
rCold  . . .     Gourm    .     b - +0 scale mail
rNeg   . . .     Faith    .     c - +0 shield
rPois  .         Spirit   .     (helmet restricted)
rElec  .         Reflect  .     (no cloak)
rCorr  .         Harm     .     (no gloves)
MR     .....                    (no boots)
Stlth  ..........               (no amulet)
                                (no ring)
                                (no ring)

@: no status effects
A: retaliatory headbutt, horns 2
a: no special abilities


You were on level 3 of the Dungeon.
You were hungry.

You visited 1 branch of the dungeon, and saw 3 of its levels.

You collected 117 gold pieces.

Inventory:

Hand Weapons
 a - a +0 long sword (weapon)
 u - a cursed -1 whip
Armour
 b - a +0 scale mail (worn)
 c - a +0 shield (worn)
Jewellery
 e - an uncursed ring of see invisible {unknown}
 v - a cursed ring of teleportation {unknown}
Scrolls
 h - 3 scrolls of fear {unknown}
 i - 4 scrolls of identify {unknown}
 j - a scroll of enchant armour {unknown}
 n - a scroll of recharging {unknown}
 o - a scroll of immolation {unknown}
 p - a scroll of noise {unknown}
 r - a scroll of remove curse {unknown}
Potions
 d - a potion of might
 g - a potion of degeneration {unknown}
 l - a potion of heal wounds {unknown}
 m - a potion of agility {unknown}
 s - a potion of haste {unknown}
 t - 3 potions of mutation {unknown}
Comestibles
 f - 2 bread rations
 k - 4 fruits
 q - a meat ration


   Skills:
 + Level 4.2 Fighting
 + Level 4.1 Long Blades
 + Level 4.7 Armour
 + Level 1.3 Dodging
 + Level 4.3 Shields


You had 4 spell levels left.
You didn't know any spells.

Dungeon Overview and Level Annotations

Branches:
Dungeon (3/15)

Altars:
Fedhas


Innate Abilities, Weirdness & Mutations

You reflexively headbutt those who attack you in melee.
You have a pair of horns on your head.


Message History

You hit the orc wizard.
The orc wizard is moderately wounded.
The orc wizard hits you but does no damage.
You block the orc wizard's attack. The orc wizard casts a spell at you.
The magic dart hits you!
* * * LOW HITPOINT WARNING * * *
You block the orc wizard's attack.
You barely miss the orc wizard.
The orc wizard is moderately wounded.
The orc wizard gestures at you while chanting.
The puff of frost misses you.
The orc wizard points at you and mumbles some strange words.
The puff of flame hits you!
* * * LOW HITPOINT WARNING * * *
You closely miss the orc wizard.
The orc wizard is moderately wounded.
The orc wizard casts a spell at you. The puff of flame hits you!
You die...

.ooo...........
......$......
o..........
#......... ##
#...# #.##...#
#.#...#.#
###o....###
#.@o.......#
#.)#..#.##.#
#####).#...... #
#..†<.......##.#
#.###.......# #
#. #......... #.
###.....(.? #.
#....##. ##
..#...


You could see 2 orc wizards.

Vanquished Creatures
  An orc wizard (D:3)
  2 adders (D:2)
  3 gnolls (D:2)
  An ooze (D:1)
  2 worms
  4 dart slugs
  2 leopard geckos (D:1)
  2 orcs (D:3)
  2 giant cockroaches (D:2)
  7 goblins
  10 hobgoblins
  2 jackals (D:1)
  A ball python (D:1)
  2 bats (D:1)
  2 frilled lizards
  5 kobolds
  8 rats
56 creatures vanquished.

Notes
Turn   | Place    | Note
-------+----------+-------------------------------------------
     0 | D:1      | Peloso the Minotaur Fighter began the quest for the Orb.
     0 | D:1      | Reached XP level 1. HP: 19/19 MP: 0/0
   263 | D:1      | Reached XP level 2. HP: 25/27 MP: 1/1
   543 | D:1      | Reached XP level 3. HP: 33/33 MP: 2/2
   988 | D:2      | Reached skill level 1 in Dodging
  1253 | D:2      | Reached XP level 4. HP: 37/40 MP: 3/3
  1262 | D:2      | HP: 2/40 [goblin/dagger of electrocution (20)]
  1920 | D:2      | Found a blossoming altar of Fedhas.
  2010 | D:3      | Reached XP level 5. HP: 23/46 MP: 4/4
  2021 | D:3      | Killed from afar by an orc wizard

Skill      XL: |  1  2  3  4 |
---------------+-------------+-----
Armour         | 4 |  4.7
Long Blades    | 3 4 |  4.1
Dodging        | 1 |  1.3
Shields        | 4 |  4.3
Fighting       | 4 |  4.2

Action                   |  1- 3 |  4- 6 || total
-------------------------+-------+-------++-------
Melee: Long sword        |    99 |    49 ||   148
       Headbutt          |    11 |     9 ||    20
  Eat: Chunk             |     1 |     2 ||     3
Armor: Scale mail        |    43 |    26 ||    69
Dodge: Dodged            |    22 |    20 ||    42
Block: Shield            |    40 |    21 ||    61
       Rpst.: Long sword |     6 |     9 ||    15
